 Dungeon Crawl Stone Soup version 0.31.0-9-g3a7656b989 (webtiles) character file.

Game seed: 14413294830072805676

398 stipulation the Grappler (level 6, -1/51 HPs)
             Began as a Ghoul Monk on Jan 24, 2024.
             Killed by divine providence
             ... invoked by an orc priest
              (9 damage)
             ... on level 4 of the Dungeon.
             The game lasted 00:01:31 (2368 turns).

stipulation the Grappler (Ghoul Monk)               Turns: 2368, Time: 00:01:31

Health: -1/51      AC:  3    Str: 17    XL:     6   Next: 83%
Magic:  6/6        EV: 12    Int:  9    God:
Gold:   86         SH:  0    Dex: 11    Spells: 5/5 levels left

rFire   . .          .
                       - Unarmed
rCold   + . .        c - orb {light}
rNeg    + + +        a - +0 robe
rPois   ∞            (no helmet)
rElec   .            n - +0 cloak
rCorr   .            (no gloves)
SInv    .            (no boots)
Will    .....        (no amulet)
Stlth   +            (no ring)
HPRegen 0.00/turn    (no ring)
MPRegen 0.10/turn

%: no passive effects
@: inhibited regen, glowing
A: claws 1, cold resistance 1, negative energy resistance 3, inhibited
regeneration, torment resistance 2, devour on kill
a: no special abilities


You were on level 4 of the Dungeon.
You visited 1 branch of the dungeon, and saw 4 of its levels.

You collected 86 gold pieces.

Inventory:

Armour
 a - a +0 robe (worn)
 c - an orb of light (worn)
 n - a +0 cloak (worn)
Wands
 u - a wand of flame (10)
Scrolls
 e - 2 scrolls of identify {unknown}
 h - 2 scrolls of brand weapon {unknown}
 i - a scroll of revelation {unknown}
 j - a scroll of torment {unknown}
 l - a scroll of fog {unknown}
 m - 2 scrolls of teleportation {unknown}
 o - 2 scrolls of fear {unknown}
 q - a scroll of immolation {unknown}
 s - a scroll of enchant armour {unknown}
Potions
 d - a potion of attraction {unknown}
 f - 2 potions of degeneration {unknown}
 g - 4 potions of curing {unknown}
 k - 2 potions of might {unknown}
 p - a potion of resistance {unknown}
 r - a potion of invisibility {unknown}
 t - a potion of haste {unknown}


   Skills:
 - Level 3.2 Fighting
 - Level 2.6 Dodging
 + Level 8.2 Unarmed Combat


You had 5 spell levels left.
You didn't know any spells.
Your spell library contained the following spells:

 Spells                   Type           Power      Damage    Failure   Level
 Petrify                  Alch/Erth      0%         N/A       99%         4
 Irradiate                Conj/Alch      0%         3d11      100%        5
 Sublimation of Blood     Necr           Unusable   N/A       N/A         2

Dungeon Overview and Level Annotations

Branches:
Dungeon (4/15)
 Temple: D:4-7

Altars:
Xom


Innate Abilities, Weirdness & Mutations

You are immune to poison.
You have sharp fingernails.
Your flesh is cold resistant. (rC+)
You are immune to negative energy. (rN+++)
You do not regenerate when monsters are visible.
You are immune to unholy pain and torment.
You thrive by killing the living.


Message History

An orc comes into view. It is wielding a +0 mace.
The orc attacks as it pursues you! The orc hits you but does no damage.
The orc priest calls upon Beogh to heal the orc.
The orc's wounds heal themselves!
The orc attacks as it pursues you! The orc barely misses you.
You barely miss the orc.
The orc shouts!
An orc priest comes into view. It is wielding a +0 short sword.
You scratch the orc.
The orc is heavily wounded.
The orc hits you with a +0 short sword.
The orc priest begins to cast a cantrip, but forgets the words!
An orc comes into view. It is wielding a +0 club.
The orc misses you.
The orc priest begins to cast a cantrip, but forgets the words!
The orc shouts!
You scratch the orc.
The orc is heavily wounded.
The orc priest calls down the wrath of Beogh upon you.
Beogh smites you!
You scratch the orc.
The orc is severely wounded.
You feel less invigorated.
You feel less confused. The orc misses you.
The orc priest looks encouraged for a moment.
The kobold hits you but does no damage. The orc hits you with a +0 hand axe.
The orc closely misses you. The orc hits you with a +0 short sword.
The orc priest hits you with a +0 falchion.
The kobold barely misses you. The orc hits you with a +0 hand axe.
* * * LOW HITPOINT WARNING * * *
The orc attacks as it pursues you! The orc hits you with a +0 flail.
* * * LOW HITPOINT WARNING * * *
You claw the orc priest!
The orc priest is severely wounded.
The orc misses you.
The orc priest invokes the aid of Beogh against you.
Beogh smites you!
You die...

#......#####.....
#..!..............
##..............#..
##.............oo...
...................
............o.....
##..##....o.......
###...##..o@o.......
#.#.......†Ko.......
###...####............
.. #...###
#......##.... #.#
#....## #.......# ...
#..#
##....###...##...# ?.
#..#
#...........###... .
#..# ##.......#...#
.... #...
#...######..>. ^...:
#..


You could see 2 orc priests, 5 orcs and a kobold.

Vanquished Creatures
  A phantom (D:4)
  2 scorpions (D:4)
  An orc priest (D:4)
  2 bombardier beetles
  5 adders
  A dart slug (D:1)
  4 ribbon worms (D:2)
  3 orcs (D:4)
  6 bats
  3 endoplasms
  3 giant cockroaches
  9 hobgoblins
  3 jackals (D:1)
  4 quokkas
  3 ball pythons (D:2)
  3 goblins
  5 kobolds
  7 rats
65 creatures vanquished.

Notes
Turn   | Place    | Note
-------+----------+-------------------------------------------
     0 | D:1      | stipulation the Ghoul Monk began the quest for the Orb.
     0 | D:1      | Reached XP level 1. HP: 19/19 MP: 1/1
   117 | D:1      | Reached XP level 2. HP: 26/26 MP: 2/2
   153 | D:1      | Reached skill level 4 in Unarmed Combat
   780 | D:2      | Reached XP level 3. HP: 30/31 MP: 3/3
   899 | D:2      | Reached skill level 5 in Unarmed Combat
  1031 | D:2      | Reached XP level 4. HP: 17/38 MP: 4/4
  1849 | D:3      | Reached skill level 6 in Unarmed Combat
  2046 | D:3      | Found a shimmering altar of Xom.
  2194 | D:4      | Noticed a phantom
  2213 | D:4      | Killed a phantom
  2214 | D:4      | Reached XP level 5. HP: 11/45 MP: 5/5
  2234 | D:4      | Reached skill level 7 in Unarmed Combat
  2234 | D:4      | Reached XP level 6. HP: 25/51 MP: 6/6
  2355 | D:4      | Reached skill level 8 in Unarmed Combat
  2368 | D:4      | Killed from afar by an orc priest

Illustrated notes

Levels and vault maps discovered:
D:1:      scummos_arrival_star, layout_basic, minmay_liquid_box
D:2:      layout_basic
D:3:      layout_basic, elyvilon_altar_3, mainiacjoe_overflow_paths,
          hangedman_decor_riveting
D:4:      layout_cave_pools

Skill      XL: |  1  2  3  4  5  6 |
---------------+-------------------+-----
Unarmed Combat | 4 5 6 7 8 |  8.2
Fighting       | |  3.2
Dodging        | |  2.6

Action                     |  1- 3 |  4- 6 || total
---------------------------+-------+-------++-------
  Melee: Unarmed           |    83 |   109 ||   192
    Use: Potion            |       |     2 ||     2
 Armour: Robe              |    45 |    75 ||   120
  Dodge: Dodged            |    66 |    74 ||   140
